 Dungeon Crawl Stone Soup version 0.23.2-40-g277498a001 (webtiles) character file.

Game seed: 6924505877289583599

287 H0rd4k the Cutter (level 6, -3/44 HPs)
             Began as a Human Artificer on Oct 14, 2019.
             Slain by an orc
             ... wielding a +0 short sword
              (4 damage)
             ... on level 4 of the Dungeon.
             The game lasted 00:05:32 (3917 turns).

H0rd4k the Cutter (Human Artificer)                 Turns: 3917, Time: 00:05:33

Health: -3/44      AC:  6    Str: 15    XL:     6   Next: 56%
Magic:  8/8        EV: 11    Int: 11    God:
Gold:   158        SH:  0    Dex: 15    Spells: 5/5 levels left

rFire    . . .     SeeInvis .   a - +0 short sword
rCold    . . .     Gourm    .   (no shield)
rNeg     . . .     Faith    .   k - +0 scale mail (curse)
rPois    .         Spirit   .   (no helmet)
rElec    .         Reflect  .   (no cloak)
rCorr    .         Harm     .   (no gloves)
MR       .....                  (no boots)
Stlth    ..........             (no amulet)
HPRegen  0.14/turn              j - +2 ring of dexterity
MPRegen  0.11/turn              (no ring)

@: lethally poisoned (-3 -> -17)
A: no striking features
a: no special abilities


You were on level 4 of the Dungeon.
You were not hungry.

You visited 1 branch of the dungeon, and saw 4 of its levels.

You collected 158 gold pieces.

Inventory:

Hand Weapons
 a - a +0 short sword (weapon)
 v - a +3 hunting sling
Missiles
 r - 8 tomahawks (quivered)
 w - 53 sling bullets
Armour
 b - a +0 leather armour
 k - a cursed +0 scale mail (worn)
Jewellery
 j - a +2 ring of dexterity (left hand)
Wands
 d - a wand of enslavement (14)
Scrolls
 c - a scroll of magic mapping {unknown}
 g - 4 scrolls of teleportation {unknown}
 h - a scroll of enchant armour {unknown}
 i - a scroll of fear {unknown}
 n - 2 scrolls of blinking {unknown}
 o - 3 scrolls of remove curse {unknown}
 s - 3 scrolls of identify {unknown}
 t - a scroll of immolation {unknown}
Potions
 l - 3 potions of magic {unknown}
 m - 2 potions of degeneration {unknown}
 p - a potion of haste {unknown}
 q - a potion of ambrosia {unknown}
 u - a potion of brilliance {unknown}
Comestibles
 f - 2 rations


   Skills:
 + Level 1.7 Fighting
 + Level 4.1 Short Blades
 + Level 0.1 Slings
 + Level 1.8 Armour
 + Level 3.1 Dodging
 + Level 1.0 Stealth
 + Level 3.9 Evocations


You had 5 spell levels left.
You didn't know any spells.
Your spell library was empty.

Dungeon Overview and Level Annotations

Branches:
Dungeon (4/15)
 Temple: D:4-7

Altars:
Dithmenos
Kikubaaqudgha
Ru

Annotations:
D:3 2 transporters, exclusion: 2 downstairs, Marnok's ghost, weakling MiFi


Message History

Evoke which item? (* to show all) (? for menu, Esc to quit)
Aiming: Enslavement
Press: ? - help, Shift-Dir - straight line, f - worker ant
Aim: a worker ant (chance to defeat MR: 66%)
The worker ant is charmed.
You feel sick.
* * * LOW HITPOINT WARNING * * *
You feel sick.
You climb downwards.
* * * LOW HITPOINT WARNING * * *
You feel sick. The orc barely misses you.
The orc barely misses your worker ant. The orc hits you with a +0 short sword.
* * * LOW HITPOINT WARNING * * *
The orc hits you with a +0 hand axe.
* * * LOW HITPOINT WARNING * * *
The orc hits your worker ant but does no damage.
The orc hits you but does no damage.
There is a stone staircase leading up, spattered with blood here.
* * * LOW HITPOINT WARNING * * *
You feel sick. The orc hits you with a +0 short sword.
You die...

..$ #...$....##..
...###........#.#
.............##.
...............$
#.............##
..###..##....#### .#
##...##......#...
#....##.o.......#
......##...@a.......#
...#.##.....o........
.. ###......######...
# #.....#.# ..
#.......... .
#.........###
###........
#........# ..........


You could see 2 orcs and a friendly worker ant.

Vanquished Creatures
  An ogre (D:4)
  Terence (D:2)
  A worker ant (D:3)
  4 adders
  3 gnolls (D:3)
  An ooze (D:2)
  3 worms
  3 dart slugs
  A leopard gecko (D:1)
  3 orcs (D:3)
  3 giant cockroaches
  9 goblins
  6 hobgoblins
  10 jackals
  6 kobolds
  4 bats
  6 frilled lizards
  3 rats
68 creatures vanquished.

Notes
Turn   | Place    | Note
-------+----------+-------------------------------------------
     0 | D:1      | H0rd4k the Human Artificer began the quest for the Orb.
     0 | D:1      | Reached XP level 1. HP: 15/15 MP: 3/3
   109 | D:1      | Reached XP level 2. HP: 21/21 MP: 4/4
   442 | D:1      | Reached XP level 3. HP: 10/26 MP: 5/5
  1364 | D:2      | Reached skill level 2 in Short Blades
  1364 | D:2      | Reached XP level 4. HP: 22/32 MP: 6/6
  1456 | D:2      | Noticed Terence
  1512 | D:2      | Killed Terence
  1648 | D:2      | Reached skill level 3 in Short Blades
  1651 | D:2      | Found a faded altar of an unknown god.
  1752 | D:2      | Found an ancient bone altar of Kikubaaqudgha.
  1752 | D:2      | Found a shadowy altar of Dithmenos.
  1976 | D:2      | Reached XP level 5. HP: 32/37 MP: 7/7
  2297 | D:2      | Found a sacrificial altar of Ru.
  2803 | D:3      | Reached skill level 1 in Armour
  3332 | D:3      | Noticed Marnok's ghost (weakling MiFi)
  3345 | D:3      | Found a transporter.
  3376 | D:3      | Found a transporter.
  3657 | D:3      | Reached XP level 6. HP: 15/43 MP: 8/8
  3841 | D:4      | Noticed an ogre
  3852 | D:4      | Killed an ogre
  3852 | D:4      | Reached skill level 4 in Short Blades
  3917 | D:4      | HP: 1/44 [poisoned by a worker ant]
  3917 | D:4      | Slain by an orc

Skill      XL: |  1  2  3  4  5  6 |
---------------+-------------------+-----
Short Blades   | 2 3 4 |  4.1
Armour         | 1 |  1.8
Dodging        | 3 |  3.1
Fighting       | |  1.7
Slings         | |  0.1
Stealth        | |  1.0
Evocations     | |  3.9

Action                   |  1- 3 |  4- 6 || total
-------------------------+-------+-------++-------
Melee: Short sword       |   135 |   205 ||   340
 Fire: Hunting sling     |       |     3 ||     3
Evoke: Wand              |     3 |    28 ||    31
  Use: Potion            |       |     1 ||     1
  Eat: Chunk             |     1 |     7 ||     8
       Ration            |       |     1 ||     1
Armor: Leather armour    |     8 |       ||     8
       Scale mail        |    48 |    69 ||   117
Dodge: Dodged            |    79 |    90 ||   169
